Map: King Sejong Station LE

Players

Nickos - Winner!

  • Race: Terran Terran
  • League: Gold

LoKeyLoco

  • Race: Protoss Protoss
  • League: Gold

VOD

Have the link to the VOD?

Description

Time

  • Played on: Sept. 2, 2016, 6:57 a.m.
  • Length: 10:56
Show
View Real Time Build Order
Export as new Build Order

Nickos Terran - Winner!

Build Orders:  

Get SALT Encoding   

  12  0:00  SCV  
  13  0:13  SCV  
  14  0:17  Supply Depot  
  14  0:25  SCV  
  15  0:38  SCV  
  15  0:40  Barracks  
  16  0:50  SCV  
  17  1:02  SCV  
  18  1:15  SCV  
  19  1:20  Command Center  
  19  1:30  Orbital Command  
  19  1:33  Marine  
  20  1:41  Supply Depot  
  20  1:51  Marine  
  21  1:56  SCV  
  22  2:07  Barracks  
  22  2:08  SCV  
  23  2:09  Marine  
  24  2:20  SCV  
  25  2:27  Marine  
  26  2:32  SCV  
  26  2:35  Orbital Command  
  27  2:38  Barracks  
  27  2:40  Refinery  
  27  2:42  Refinery  
  27  2:44  SCV  
  27  2:46  Barracks  
  28  2:52  Marine  
  28  2:55  Marine  
  28  2:56  SCV  
  30  3:07  SCV  
  30  3:08  SCV  
  30  3:10  Marine  
  33  3:13  Marine  
  33  3:19  SCV  
  35  3:21  SCV  
  35  3:25  Barracks Tech Lab  
  36  3:29  Factory  
  38  3:38  Barracks Reactor  
  38  3:40  SCV x2  
  38  3:46  Supply Depot  
  38  3:50  Barracks Reactor  
  38  3:51  Supply Depot  
  38  3:52  SCV x2  
  38  3:55  Barracks  
  40  4:02  Marine  
  41  4:04  SCV x2  
  41  4:05  Barracks Reactor  
  43  4:12  Supply Depot  
  43  4:14  Factory Reactor  
  43  4:16  SCV x2  
  45  4:20  Marine  
  44  4:26  Starport, Marine  
  44  4:31  SCV x2  
  46  4:32  Marine x3  
  46  4:36  Supply Depot  
  46  4:37  Marine  
  50  4:43  SCV  
  50  4:44  Marine  
  50  4:50  Marine  
  49  4:55  Marine x3  
  52  5:03  SCV x2  
  54  5:07  Supply Depot  
  54  5:09  Supply Depot  
  54  5:14  Barracks Reactor  
  54  5:19  Engineering Bay  
  54  5:20  Engineering Bay  
  54  5:23  SCV x2  
  54  5:24  Marine x4  
  54  5:25  Medivac, Marine  
  54  5:26  Medivac  
  54  5:27  Command Center  
  65  5:32  Supply Depot  
  65  5:42  SCV  
  66  5:43  SCV  
  66  5:46  Terran Infantry Weapons Level 1  
  66  5:49  Terran Infantry Armor Level 1  
  67  5:52  Marine x3  
  67  5:53  Marine  
  67  5:54  SCV, Marine  
  67  5:55  SCV  
  74  6:05  Medivac  
  74  6:07  SCV  
  74  6:08  Supply Depot  
  77  6:11  Supply Depot, Marine  
  77  6:12  Marine x5  
  77  6:13  Marine  
  77  6:16  Marine  
  77  6:17  Marine  
  86  6:24  Refinery, SCV  
  86  6:25  SCV  
  88  6:29  Marine x2  
  88  6:30  Medivac, Marine x2  
  94  6:35  Supply Depot  
  94  6:36  Marine x3  
  94  6:37  SCV x2  
  99  6:42  Marine x2  
  99  6:43  Medivac  
  103  6:51  Supply Depot  
  103  6:53  Marine x4  
  103  6:54  Marine x2  
  107  6:58  Stimpack  
  107  6:59  Marine  
  107  7:00  Marine x2  
  112  7:04  Orbital Command  
  112  7:10  Marine  
  112  7:11  Marine  
  112  7:12  Marine x3  
  117  7:20  Marine x2  
  117  7:21  Medivac  
  117  7:22  Medivac, Marine  
  123  7:26  Supply Depot  
  123  7:28  SCV x2  
  126  7:30  SCV  
  126  7:35  Missile Turret  
  127  7:39  Missile Turret  
  127  7:40  SCV  
  127  7:41  Missile Turret  
  127  7:42  SCV  
  127  7:43  SCV  
  130  7:49  Armory  
  130  7:50  Marine x2  
  132  7:53  SCV  
  132  7:54  SCV  
  134  8:03  Medivac x2  
  134  8:04  Marine  
  134  8:05  Marine x4  
  140  8:06  Marine  
  140  8:11  Marine x3  
  147  8:22  Marine  
  147  8:26  Supply Depot  
  148  8:27  Sensor Tower  
  148  8:30  Supply Depot  
  148  8:32  Marine x3  
  148  8:33  Medivac  
  153  8:34  Supply Depot  
  153  8:37  Marine  
  153  8:38  Marine x3  
  157  8:46  Medivac, Marine x2  
  157  8:48  Supply Depot  
  161  8:50  Marine x3  
  161  8:55  Supply Depot, Marine  
  163  9:02  Medivac  
  136  9:17  Marine  
  136  9:18  Marine x5  
  136  9:19  Marine x3  
  128  9:35  Medivac x2, Marine x2  
  128  9:36  Marine x2  
  134  9:40  Marine  
  134  9:41  Marine x4  
  138  9:53  Marine x3  
  138  9:54  Marine  
  140  10:00  Barracks  
  140  10:02  Barracks  
  140  10:03  Marine x4  
  140  10:04  Barracks, Marine  
  140  10:05  Medivac x2  
  146  10:11  Command Center, Marine  
  147  10:15  Marine x2  
  147  10:16  Marine  
  147  10:21  Marine x5  
  153  10:29  Marine  
  153  10:33  Marine x3  
  153  10:51  Barracks Reactor x2  
Show
View Real Time Build Order
Export as new Build Order

LoKeyLoco Protoss 

Build Orders: Nexus First 

Get SALT Encoding   

  12  0:01  Probe (Chrono Boost)  
  13  0:12  Probe (Chrono Boost)  
  14  0:18  Pylon  
  14  0:22  Probe (Chrono Boost)  
  15  0:37  Probe (Chrono Boost)  
  16  0:47  Probe (Chrono Boost)  
  17  1:02  Nexus  
  17  1:14  Gateway  
  17  1:20  Assimilator  
  17  1:22  Probe (Chrono Boost)  
  18  1:32  Forge  
  18  1:36  Probe (Chrono Boost)  
  19  1:46  Probe (Chrono Boost), Assimilator  
  20  1:57  Gateway  
  20  2:03  Probe (Chrono Boost)  
  21  2:08  Pylon  
  21  2:10  Zealot  
  21  2:14  Probe (Chrono Boost)  
  24  2:16  Probe (Chrono Boost)  
  25  2:26  Photon Cannon  
  25  2:28  Probe (Chrono Boost)  
  25  2:29  Probe (Chrono Boost)  
  27  2:43  Cybernetics Core  
  27  2:46  Probe x2 (Chrono Boost)  
  29  2:52  Protoss Ground Weapons Level 1  
  29  3:03  Zealot  
  29  3:04  Zealot  
  29  3:05  Warp Gate  
  33  3:06  Probe (Chrono Boost)  
  33  3:09  Probe (Chrono Boost)  
  35  3:17  Pylon  
  35  3:29  Probe (Chrono Boost)  
  35  3:30  Probe (Chrono Boost)  
  35  3:31  Stalker  
  35  3:33  Stalker  
  41  3:40  Probe (Chrono Boost)  
  42  3:45  Gateway  
  43  3:49  Probe (Chrono Boost)  
  43  3:53  Probe (Chrono Boost)  
  43  3:54  Pylon  
  44  4:02  Stalker  
  44  4:04  Stalker  
  48  4:13  Probe (Chrono Boost)  
  48  4:14  Probe (Chrono Boost), Photon Cannon  
  44  4:32  Stalker  
  44  4:34  Stalker  
  46  5:02  Stalker  
  46  5:04  Stalker  
  50  5:09  Probe (Chrono Boost)  
  50  5:10  Probe (Chrono Boost)  
  50  5:12  Protoss Ground Armor Level 1  
  52  5:20  Mothership Core (Chrono Boost)  
  54  5:21  Gateway  
  54  5:29  Stalker  
  54  5:31  Nexus  
  56  5:42  Assimilator  
  56  5:45  Assimilator  
  56  5:49  Probe (Chrono Boost)  
  58  5:50  Probe (Chrono Boost), Stalker  
  58  5:51  Stalker  
  62  5:59  Pylon  
  62  6:00  Pylon  
  62  6:13  Twilight Council  
  62  6:17  Probe (Chrono Boost)  
  64  6:18  Probe (Chrono Boost)  
  64  6:21  Stalker  
  64  6:22  Stalker x3  
  72  6:27  Probe (Chrono Boost)  
  72  6:30  Probe (Chrono Boost), Pylon  
  74  6:32  Stargate  
  74  6:45  Forge  
  74  6:46  Stalker x3  
  80  6:48  Stalker  
  80  6:51  Probe x2 (Chrono Boost)  
  80  6:53  Probe (Chrono Boost)  
  85  7:09  Blink  
  85  7:11  Zealot  
  85  7:12  Zealot x3  
  93  7:18  Probe x2 (Chrono Boost)  
  93  7:19  Probe (Chrono Boost)  
  96  7:27  Protoss Ground Weapons Level 2  
  96  7:32  Probe (Chrono Boost)  
  96  7:36  Probe x2 (Chrono Boost)  
  99  7:39  Assimilator  
  99  7:42  Assimilator  
  99  7:44  Pylon  
  99  7:47  Stalker  
  99  7:48  Pylon  
  99  7:50  Pylon  
  99  7:51  Protoss Ground Armor Level 2  
  101  8:02  Phoenix  
  101  8:03  Probe (Chrono Boost)  
  101  8:04  Probe (Chrono Boost)  
  105  8:12  Sentry x2  
  107  8:14  Stalker  
  107  8:15  Stalker  
  113  8:29  Void Ray  
  117  8:41  Stalker x2  
  119  8:42  Stalker x2  
  125  8:53  Pylon  
  125  8:59  Probe (Chrono Boost)  
  125  9:01  Probe (Chrono Boost)  
  125  9:02  Probe (Chrono Boost)  
  112  9:16  Stalker x2  
  92  9:17  Stalker x2  
  62  9:42  Stalker x2  
  62  9:44  Stalker  
  62  9:45  Stalker  
  50  10:08  Stalker x2  
  58  10:32  Stalker  
  58  10:33  Stalker  
Tags
 
Add a new tag
Caveats
  • Supply blocks, unpowered buildings, or Contaminate may cause inaccurate times.
  • Supply counts are checked every 10 seconds.